TOP OF THE 1ST |
---|
St Charles Sheens batting - Pitching for Pocatello Bellas : RHP Kevin Bush | Pitching: RHP Kevin Bush | | Batting: RHB Víctor Arredondo | 0-0: Called Strike 0-1: SINGLE (Groundball, 6D) | Batting: RHB Jesús Hernández | 0-0: Ball 1-0: Fly out, F8 (Flyball, 8RD) | Batting: RHB Miguel Palácios | 0-0: Called Strike 0-1: Foul Ball, location: 2F 0-2: Strikes out looking | Batting: LHB Larry Howard | 0-0: Ball 1-0: Swinging Strike 1-1: Ball 2-1: Ground out U3 (Groundball, 34S) | Top of the 1st over - 0 runs, 1 hit, 0 errors, 1 left on base; St Charles 0 - Pocatello 0 | BOTTOM OF THE 1ST |
---|
Pocatello Bellas batting - Pitching for St Charles Sheens : RHP Tom Wallace | Pitching: RHP Tom Wallace | | Batting: RHB Francisco Ibarra | 0-0: SINGLE (Line Drive, 56D) | Batting: LHB Keith Beard | 0-0: Ball 1-0: SINGLE (Groundball, 34D) Francisco Ibarra to second Francisco Ibarra to third | Batting: SHB Shane Hutchinson | 0-0: Ball 1-0: Ball 2-0: Ball 3-0: Base on Balls Keith Beard to second | Batting: RHB Marlon Phipps | 0-0: Ball 1-0: Fly out, F7 (Flyball, 7LDF) Runner from 3rd tags up, SCORES, no throw | Batting: SHB Nick Cox | 0-0: Ball 1-0: Ball Wild Pitch! Keith Beard to third Shane Hutchinson to second 2-0: SINGLE (Flyball, 8RS) Keith Beard scores Shane Hutchinson to third Runner from 3rd tries for Home, SAFE, throw made home | Batting: RHB Morgan Gibbon | 0-0: Ball 1-0: Called Strike 1-1: Fly out, F7 (Line Drive, 7S) | Batting: RHB Tomás Carranza | 0-0: Called Strike 0-1: Ball 1-1: SINGLE (Line Drive, 4D) Nick Cox to second Runner from 2nd tries for 3rd, OUT! | Bottom of the 1st over - 3 runs, 4 hits, 0 errors, 1 left on base; St Charles 0 - Pocatello 3 | TOP OF THE 2ND |
---|
St Charles Sheens batting - Pitching for Pocatello Bellas : RHP Kevin Bush | Batting: RHB Sergio Pujols | 0-0: Called Strike 0-1: Ball 1-1: Fly out, F6 (Line Drive, 6) | Batting: RHB Rob Brady | 0-0: SINGLE (Groundball, 56D) | Batting: RHB Shawn Gutiérrez | 0-0: Ball 1-0: Called Strike 1-1: Ball 2-1: Called Strike 2-2: Strikes out swinging | Batting: LHB Jason Lambert | 0-0: Foul Ball, location: 2F 0-1: Ball 1-1: Ball 2-1: Foul Ball, location: 2F 2-2: Fly out, F8 (Flyball, 8RS) | Top of the 2nd over - 0 runs, 1 hit, 0 errors, 1 left on base; St Charles 0 - Pocatello 3 | BOTTOM OF THE 2ND |
---|
Pocatello Bellas batting - Pitching for St Charles Sheens : RHP Tom Wallace | Batting: RHB José Delgado | 0-0: Ball 1-0: Ball 2-0: Called Strike 2-1: Called Strike 2-2: Fly out, F3 (Popup, 3SF) | Batting: LHB Keng-chi Lao | 0-0: Foul Ball, location: 2F 0-1: Ball 1-1: Swinging Strike 1-2: Foul Ball, location: 2F 1-2: Foul Ball, location: 2F 1-2: Ball 2-2: Ball 3-2: Ground out 1-3 (Groundball, 15) | Batting: RHB Francisco Ibarra | 0-0: Ball 1-0: Ball 2-0: Ball 3-0: Called Strike 3-1: Foul Ball, location: 2F 3-2: SINGLE (Line Drive, 8RS) | Batting: LHB Keith Beard | 0-0: Ball 1-0: Ground out 4-3 (Groundball, 34) | Bottom of the 2nd over - 0 runs, 1 hit, 0 errors, 1 left on base; St Charles 0 - Pocatello 3 | TOP OF THE 3RD |
---|
St Charles Sheens batting - Pitching for Pocatello Bellas : RHP Kevin Bush | Batting: RHB Judson Backstrom | 0-0: Called Strike 0-1: Ball 1-1: SOLO HOME RUN (Flyball, 7D), Distance : 391 ft | Batting: RHB Víctor Arredondo | 0-0: Foul Ball, location: 2F 0-1: Swinging Strike 0-2: Ball 1-2: Ball 2-2: Strikes out swinging | Batting: RHB Jesús Hernández | 0-0: Called Strike 0-1: Ball 1-1: Ground out 1-3 (Groundball, P) | Batting: RHB Miguel Palácios | 0-0: Called Strike 0-1: Foul Ball, location: 2F 0-2: Ball 1-2: Strikes out swinging | Top of the 3rd over - 1 run, 1 hit, 0 errors, 0 left on base; St Charles 1 - Pocatello 3 | BOTTOM OF THE 3RD |
---|
Pocatello Bellas batting - Pitching for St Charles Sheens : RHP Tom Wallace | Batting: SHB Shane Hutchinson | 0-0: Ball 1-0: Called Strike 1-1: Called Strike 1-2: Ball 2-2: Foul Ball, location: 2F 2-2: Ball 3-2: Foul Ball, location: 2F 3-2: SINGLE (Groundball, 4MD) | Batting: RHB Marlon Phipps | 0-0: Ball 1-0: Foul Ball, location: 2F 1-1: Ball 2-1: Fly out, F9 (Line Drive, 9LS) | Batting: SHB Nick Cox | 0-0: Called Strike 0-1: Foul Ball, location: 2F 0-2: Ball 1-2: Ball 2-2: Ball 3-2: Strikes out swinging Shane Hutchinson steals 2nd base Batter strikes out. | Batting: RHB Morgan Gibbon | 0-0: Fly out, F9 (Flyball, 9LS) | Bottom of the 3rd over - 0 runs, 1 hit, 0 errors, 1 left on base; St Charles 1 - Pocatello 3 | TOP OF THE 4TH |
---|
St Charles Sheens batting - Pitching for Pocatello Bellas : RHP Kevin Bush | Batting: LHB Larry Howard | 0-0: Fly out, F8 (Line Drive, 8LM) | Batting: RHB Sergio Pujols | 0-0: Ball 1-0: SINGLE (Line Drive, 6M) | Batting: RHB Rob Brady | 0-0: Called Strike 0-1: Swinging Strike 0-2: Foul Ball, location: 2F 0-2: Strikes out swinging | Batting: RHB Shawn Gutiérrez | 0-0: Foul Ball, location: 2F 0-1: Fly out, F7 (Flyball, 7S) | Top of the 4th over - 0 runs, 1 hit, 0 errors, 1 left on base; St Charles 1 - Pocatello 3 | BOTTOM OF THE 4TH |
---|
Pocatello Bellas batting - Pitching for St Charles Sheens : RHP Tom Wallace | Batting: RHB Tomás Carranza | 0-0: Called Strike 0-1: Called Strike 0-2: Strikes out looking | Batting: RHB José Delgado | 0-0: Called Strike 0-1: Swinging Strike 0-2: Ball 1-2: Ball 2-2: Ball 3-2: Reached on error, E4 (Groundball, 4M) | Batting: LHB Keng-chi Lao | 0-0: SINGLE (Flyball, 7LM) José Delgado to second | Batting: RHB Francisco Ibarra | 0-0: Ball 1-0: Grounds into double play, 3-6-3 (Groundball, 34) | Bottom of the 4th over - 0 runs, 1 hit, 1 error, 1 left on base; St Charles 1 - Pocatello 3 | TOP OF THE 5TH |
---|
St Charles Sheens batting - Pitching for Pocatello Bellas : RHP Kevin Bush | Batting: LHB Jason Lambert | 0-0: Foul Ball, location: 2F 0-1: Foul Ball, location: 2F 0-2: Foul Ball, location: 2F 0-2: Fly out, F8 (Line Drive, 8LM) | Batting: RHB Judson Backstrom | 0-0: Swinging Strike 0-1: Swinging Strike 0-2: Foul Ball, location: 2F 0-2: Ball 1-2: Fly out, F4 (Popup, 4M) | Batting: RHB Víctor Arredondo | 0-0: Ground out 6-3 (Groundball, 6) | Top of the 5th over - 0 runs, 0 hits, 0 errors, 0 left on base; St Charles 1 - Pocatello 3 | BOTTOM OF THE 5TH |
---|
Pocatello Bellas batting - Pitching for St Charles Sheens : RHP Tom Wallace | Batting: LHB Keith Beard | 0-0: Called Strike 0-1: DOUBLE (Groundball, 3L) | Batting: SHB Shane Hutchinson | 0-0: Intentional Walk | Batting: RHB Marlon Phipps | 0-0: Ball 1-0: Ball 2-0: Called Strike 2-1: Ball 3-1: Base on Balls Keith Beard to third Shane Hutchinson to second | Batting: SHB Nick Cox | 0-0: Called Strike 0-1: Ball 1-1: Ball 2-1: Swinging Strike 2-2: Strikes out swinging | Batting: RHB Morgan Gibbon | 0-0: Grounds into fielders choice 3-2 (Groundball, 34S) Shane Hutchinson to third Marlon Phipps to second | Batting: RHB Tomás Carranza | 0-0: Foul Ball, location: 2F 0-1: Foul Ball, location: 2F 0-2: Ball 1-2: Fly out, F7 (Flyball, 78M) | Bottom of the 5th over - 0 runs, 1 hit, 0 errors, 3 left on base; St Charles 1 - Pocatello 3 | TOP OF THE 6TH |
---|
St Charles Sheens batting - Pitching for Pocatello Bellas : RHP Kevin Bush | Batting: RHB Jesús Hernández | 0-0: Ball 1-0: Foul Ball, location: 2F 1-1: Called Strike 1-2: Ball 2-2: Fly out, F6 (Popup, 6) | Batting: RHB Miguel Palácios | 0-0: Fly out, F6 (Popup, 4MS) | Batting: LHB Larry Howard | 0-0: Ground out 4-3 (Groundball, 4) | Top of the 6th over - 0 runs, 0 hits, 0 errors, 0 left on base; St Charles 1 - Pocatello 3 | BOTTOM OF THE 6TH |
---|
Pocatello Bellas batting - Pitching for St Charles Sheens : RHP Tom Wallace | Batting: RHB José Delgado | 0-0: Foul Ball, location: 2F 0-1: Fly out, F4 (Popup, 4) | Batting: LHB Keng-chi Lao | 0-0: Ball 1-0: Fly out, F8 (Flyball, 8LXD) | Batting: RHB Francisco Ibarra | 0-0: Ball 1-0: Ball 2-0: Called Strike 2-1: Swinging Strike 2-2: Strikes out swinging | Bottom of the 6th over - 0 runs, 0 hits, 0 errors, 0 left on base; St Charles 1 - Pocatello 3 | TOP OF THE 7TH |
---|
St Charles Sheens batting - Pitching for Pocatello Bellas : RHP Kevin Bush | Batting: RHB Sergio Pujols | 0-0: Called Strike 0-1: Swinging Strike 0-2: Ball 1-2: Ball 2-2: Strikes out swinging | Batting: RHB Rob Brady | 0-0: Ball 1-0: Swinging Strike 1-1: Swinging Strike 1-2: Strikes out swinging | Batting: RHB Shawn Gutiérrez | 0-0: Ball 1-0: SINGLE (Groundball, 4MD) | Batting: LHB Jason Lambert | 0-0: Ball 1-0: Ball 2-0: Ball 3-0: Called Strike 3-1: Fly out, F7 (Flyball, 7) | Top of the 7th over - 0 runs, 1 hit, 0 errors, 1 left on base; St Charles 1 - Pocatello 3 | BOTTOM OF THE 7TH |
---|
Pocatello Bellas batting - Pitching for St Charles Sheens : RHP Tom Wallace | Batting: LHB Keith Beard | 0-0: Called Strike 0-1: Called Strike 0-2: Foul Ball, location: 2F 0-2: Foul Ball, location: 2F 0-2: Ground out 3-1 (Groundball, 34) | Batting: SHB Shane Hutchinson | 0-0: Called Strike 0-1: Ball 1-1: Ball 2-1: Swinging Strike 2-2: Ground out 4-3 (Groundball, 4) | Batting: RHB Marlon Phipps | 0-0: Called Strike 0-1: Ball 1-1: Foul Ball, location: 2F 1-2: Strikes out looking | Bottom of the 7th over - 0 runs, 0 hits, 0 errors, 0 left on base; St Charles 1 - Pocatello 3 | TOP OF THE 8TH |
---|
St Charles Sheens batting - Pitching for Pocatello Bellas : RHP Kevin Bush | Batting: RHB Judson Backstrom | 0-0: Ball 1-0: Foul Ball, location: 2F 1-1: Swinging Strike 1-2: Ball 2-2: Fly out, F5 (Popup, 5F) | Batting: RHB Víctor Arredondo | 0-0: Ball 1-0: Ball 2-0: Called Strike 2-1: Foul Ball, location: 2F 2-2: Ground out 6-3 (Groundball, 6) | Batting: RHB Jesús Hernández | 0-0: Ball 1-0: Foul Ball, location: 2F 1-1: Ground out 6-3 (Groundball, 6MS) | Top of the 8th over - 0 runs, 0 hits, 0 errors, 0 left on base; St Charles 1 - Pocatello 3 | BOTTOM OF THE 8TH |
---|
Pocatello Bellas batting - Pitching for St Charles Sheens : RHP Tom Wallace | Pitching: RHP Augusto Herrera | | Batting: SHB Nick Cox | 0-0: Ball 1-0: Ball 2-0: Swinging Strike 2-1: Fly out, F6 (Line Drive, 6) | Batting: RHB Morgan Gibbon | 0-0: Ball 1-0: Ground out 4-3 (Groundball, 4M) | Batting: RHB Tomás Carranza | 0-0: Ball 1-0: Ball 2-0: Ball 3-0: Called Strike 3-1: Called Strike 3-2: Foul Ball, location: 2F 3-2: Base on Balls | Batting: RHB José Delgado | 0-0: Called Strike 0-1: Fielders Choice at 2nd, U4 (Groundball, 4M) | Bottom of the 8th over - 0 runs, 0 hits, 0 errors, 1 left on base; St Charles 1 - Pocatello 3 | TOP OF THE 9TH |
---|
St Charles Sheens batting - Pitching for Pocatello Bellas : RHP Kevin Bush | Batting: RHB Miguel Palácios | 0-0: Ball 1-0: Ball 2-0: Ball 3-0: Called Strike 3-1: Foul Ball, location: 2F 3-2: SINGLE (Groundball, 56D) | Batting: LHB Larry Howard | Pickoff Throw to First - Error! E1 Miguel Palácios to second 0-0: Called Strike 0-1: Swinging Strike 0-2: Ball 1-2: Strikes out swinging | Batting: RHB Sergio Pujols | 0-0: Ball 1-0: Swinging Strike 1-1: Foul Ball, location: 2F 1-2: Strikes out swinging | Pinch Hitting: LHB Benny Richard | 0-0: Foul Ball, location: 2F 0-1: DOUBLE (Line Drive, 78M) Miguel Palácios scores | Batting: RHB Shawn Gutiérrez | 0-0: Ball 1-0: SINGLE (Groundball, 6MD) Benny Richard to third Runner from 3rd tries for Home, SAFE, no throw | Batting: LHB Jason Lambert | 0-0: Ground out 1-3 (Groundball, P) | Top of the 9th over - 2 runs, 3 hits, 1 error, 1 left on base; St Charles 3 - Pocatello 3 | BOTTOM OF THE 9TH |
---|
Pocatello Bellas batting - Pitching for St Charles Sheens : RHP Augusto Herrera | Pitching: RHP António Ojeda | | Now at SS: Miguel Encarnación | | Batting: LHB Keng-chi Lao | 0-0: Ball 1-0: Ball 2-0: Ball 3-0: Called Strike 3-1: Base on Balls | Batting: RHB Francisco Ibarra | 0-0: Sac Bunt - play at second, runner OUT! 3-6 | Batting: LHB Keith Beard | 0-0: Called Strike 0-1: SINGLE (Groundball, 4MD) Francisco Ibarra to second Runner from 2nd tries for 3rd, SAFE, throw made to third | Batting: SHB Shane Hutchinson | 0-0: Foul Ball, location: 2F 0-1: Swinging Strike 0-2: Strikes out swinging | Batting: RHB Marlon Phipps | 0-0: Called Strike 0-1: SINGLE (Line Drive, 34) Francisco Ibarra scores | Saturday, December 16th, 2017 - OOTP Baseball 18.8 Build 76 |
|